Map: Catalyst LE

Players

EchoPrime - Winner!

  • Race: Terran Terran
  • League: Diamond
  • Spawn Location: 5:00

fruitcake

  • Race: Zerg Zerg
  • Spawn Location: 11:00

VOD

Have the link to the VOD?

Description

Time

  • Played on: May 9, 2018, 3:50 p.m.
  • Length: 10:09
Show
View Real Time Build Order
Export as new Build Order

EchoPrime Terran - Winner!

Build Orders: Hellion Opening, Reaper Expand, MMM Bio 

Get SALT Encoding   

  12  0:01  SCV  
  14  0:16  SCV  
  14  0:19  Supply Depot  
  14  0:29  SCV  
  14  0:31  Refinery  
  15  0:41  SCV  
  16  0:49  Barracks  
  16  0:54  SCV  
  17  1:06  SCV  
  18  1:19  SCV  
  19  1:35  Orbital Command  
  19  1:36  Reaper  
  20  1:46  Command Center  
  20  2:01  Factory  
  20  2:02  SCV  
  21  2:10  Refinery  
  21  2:11  Barracks Reactor  
  22  2:15  SCV  
  22  2:25  Supply Depot  
  22  2:27  SCV  
  23  2:46  SCV  
  26  3:01  Hellion  
  26  3:02  Hellion  
  26  3:05  SCV, Orbital Command, Ghost Academy  
  29  3:11  Barracks Tech Lab  
  29  3:15  Barracks  
  29  3:17  SCV  
  29  3:26  Hellion x2  
  33  3:29  SCV  
  33  3:33  SCV  
  35  3:38  Armory  
  35  3:42  Ghost  
  37  3:49  Hellion  
  37  3:51  Hellion  
  37  3:54  SCV  
  42  3:56  SCV  
  42  4:00  Supply Depot  
  42  4:02  Barracks Tech Lab  
  43  4:08  SCV  
  44  4:12  Ghost  
  46  4:22  Hellion  
  48  4:25  SCV  
  48  4:26  Ghost, Hellion  
  48  4:30  Supply Depot  
  48  4:31  SCV  
  54  4:45  Supply Depot  
  54  4:49  Stimpack  
  54  4:51  SCV  
  54  4:52  SCV, Hellion  
  58  4:56  Barracks  
  58  5:03  SCV, Supply Depot  
  59  5:13  SCV, Combat Shields  
  60  5:14  Marine  
  60  5:20  Barracks x2  
  61  5:22  Starport  
  61  5:26  Supply Depot  
  61  5:27  Engineering Bay  
  61  5:29  Refinery  
  51  5:55  SCV x2  
  47  6:00  Barracks Reactor  
  47  6:01  Starport Reactor  
  47  6:07  SCV x2  
  47  6:08  Hellion x2  
  47  6:11  Barracks Reactor  
  53  6:18  Factory  
  53  6:19  SCV x2  
  53  6:20  Terran Infantry Weapons Level 1, Engineering Bay, Refinery  
  53  6:24  Supply Depot, Marauder  
  53  6:25  Marauder  
  59  6:31  SCV x2  
  61  6:35  Terran Vehicle Weapons Level 1  
  61  6:38  Marine x2, Hellion x2  
  67  6:42  Medivac  
  67  6:43  SCV  
  67  6:44  SCV  
  71  6:49  Marine  
  71  6:50  Marine  
  71  6:51  Marine  
  71  6:53  Medivac  
  76  6:55  SCV  
  76  6:56  SCV  
  76  6:59  Supply Depot  
  78  7:03  Factory Tech Lab  
  78  7:08  SCV x2  
  80  7:14  Marine x2, Medivac  
  84  7:15  Marine  
  84  7:20  SCV x2  
  84  7:21  Command Center  
  87  7:28  Thor  
  93  7:32  SCV x2  
  95  7:45  SCV  
  95  7:47  Supply Depot  
  95  7:48  Medivac, Supply Depot  
  95  7:49  Marine x2, Medivac  
  95  7:50  Supply Depot  
  102  7:51  Supply Depot  
  102  7:55  Marine x2, SCV  
  102  7:57  SCV  
  106  8:03  Marine, Terran Infantry Armor Level 1  
  106  8:04  Marine  
  106  8:05  Liberator, Concussive Shells  
  108  8:08  Hellion  
  108  8:09  Liberator  
  110  8:12  Supply Depot  
  110  8:15  Supply Depot  
  110  8:17  Supply Depot  
  110  8:21  SCV  
  110  8:22  Marauder  
  119  8:34  Refinery  
  119  8:40  Marine x5  
  124  8:42  SCV  
  124  8:43  Marauder  
  110  9:24  Marine x5  
  110  9:25  Marauder  
  110  9:26  Medivac x2  
  110  9:27  SCV  
  110  9:28  Orbital Command  
  110  9:31  Refinery  
  120  9:33  Command Center  
  120  9:43  Marauder  
  122  9:47  Marauder  
Show
View Real Time Build Order
Export as new Build Order

fruitcake Zerg 

Build Orders: Pool First 

Get SALT Encoding   

  12  0:00  Drone  
  13  0:13  Overlord  
  13  0:17  Drone  
  14  0:23  Extractor  
  14  0:24  Drone  
  14  0:32  Drone  
  15  0:45  Spawning Pool  
  15  0:48  Drone  
  15  0:51  Drone  
  16  0:59  Drone  
  17  1:07  Drone  
  18  1:17  Overlord  
  18  1:30  Drone, Extractor  
  18  1:42  Hatchery  
  17  1:49  Queen  
  19  1:57  Zergling x2  
  19  1:58  Zergling x2  
  21  2:03  Drone  
  22  2:14  Roach Warren  
  21  2:19  Overlord  
  21  2:24  Zergling x2  
  22  2:32  Zergling x2  
  22  2:58  Queen  
  22  3:02  Drone  
  25  3:09  Drone x2  
  25  3:10  Drone x2  
  29  3:17  Roach  
  31  3:32  Drone  
  31  3:34  Roach x2  
  36  3:43  Drone x2  
  36  3:44  Drone  
  36  3:47  Lair  
  39  3:54  Spore Crawler  
  38  3:56  Spore Crawler, Drone  
  38  3:57  Drone  
  39  4:08  Drone  
  40  4:10  Roach x2  
  40  4:16  Overlord  
  44  4:20  Overlord  
  44  4:38  Drone  
  44  4:39  Drone  
  44  4:40  Drone x2  
  44  4:41  Overlord x2  
  48  4:47  Ravager x2  
  48  4:48  Ravager  
  51  5:01  Spore Crawler  
  51  5:04  Queen  
  51  5:06  Spine Crawler  
  51  5:07  Roach x3  
  57  5:14  Hydralisk Den  
  57  5:17  Roach  
  58  5:30  Drone  
  58  5:31  Drone x2  
  50  5:45  Zergling x2  
  50  5:46  Roach x4, Zergling x6  
  53  6:05  Drone x2  
  53  6:06  Drone  
  53  6:08  Hydralisk x2  
  53  6:11  Queen  
  62  6:19  Hydralisk  
  62  6:21  Drone  
  62  6:24  Extractor  
  64  6:26  Extractor  
  63  6:37  Hydralisk  
  65  6:47  Spine Crawler  
  65  6:52  Spine Crawler  
  63  6:54  Drone x3  
  66  7:01  Hydralisk  
  66  7:04  Overlord x2  
  66  7:05  Overlord  
  68  7:25  Hydralisk x3  
  68  7:26  Hydralisk  
  76  7:34  Evolution Chamber  
  75  7:38  Drone  
  75  7:39  Drone  
  75  7:42  Drone x3  
  80  7:54  Ravager x2  
  82  8:00  Ravager x2  
  84  8:07  Hydralisk  
  84  8:08  Hydralisk  
  88  8:22  Overseer  
  88  8:28  Overseer  
  88  8:29  Hatchery  
  87  8:38  Hydralisk  
  87  8:39  Hydralisk  
  91  8:43  Overlord x2  
  91  8:44  Overlord  
  60  9:15  Zergling x8  
  60  9:16  Zergling x6  
  40  9:17  Zergling x2  
  37  9:33  Hydralisk  
  37  9:34  Roach x3, Hydralisk  
  43  9:52  Zergling x2  
Tags
 
Add a new tag
Caveats
  • Supply blocks, unpowered buildings, or Contaminate may cause inaccurate times.
  • Supply counts are checked every 10 seconds.